 Dungeon Crawl Stone Soup version 0.25-a0-356-g7c9d860b3b (webtiles) character file.

Game seed: 8056872068372395390, levelgen mode: deterministic

8295 Error4North the Blocker (level 11, -11/94 HPs)
             Began as a Hill Orc Fighter on Jan 4, 2020.
             Was a Believer of Okawaru.
             Mangled by a death yak (18 damage)
             ... on level 8 of the Dungeon.
             The game lasted 00:48:17 (11773 turns).

Error4North the Blocker (Hill Orc Fighter)         Turns: 11773, Time: 00:48:18

Health: -11/94     AC: 17    Str: 21 (22) XL:     11   Next: 28%
Magic:  16/16      EV:  7    Int:  9      God:    Okawaru [**....]
Gold:   651        SH: 11    Dex:  9 (10) Spells: 15/16 levels left

rFire    . . .     SeeInvis .   a - +0 war axe
rCold    . . .     Gourm    +   c - +0 shield
rNeg     . . .     Faith    .   h - +0 plate armour
rPois    .         Spirit   .   d - +0 helmet
rElec    .         Reflect  .   (no cloak)
rCorr    .         Harm     .   (no gloves)
MR       .....                  z - +0 pair of boots
Stlth    ..........             j - amulet of the gourmand
HPRegen  0.25/turn              D - ring of flight
MPRegen  0.15/turn              (no ring)

@: no status effects
A: no striking features
a: Heroism, Renounce Religion, Evoke Flight


You were on level 8 of the Dungeon.
You worshipped Okawaru.
Okawaru was pleased with you.
You were very full.

You visited 2 branches of the dungeon, and saw 10 of its levels.
You also visited: Bailey.

You collected 651 gold pieces.

Inventory:

Hand Weapons
 a - a +0 war axe (weapon)
 k - a +4 hunting sling
Missiles
 l - 209 stones (quivered)
 s - 38 sling bullets
Armour
 c - a +0 shield (worn)
 d - a +0 helmet (worn)
 h - a +0 plate armour (worn)
 z - a +0 pair of boots (worn)
Jewellery
 j - an amulet of the gourmand (around neck)
 t - a cursed ring of attention {unknown}
 D - a ring of flight (left hand)
Scrolls
 b - 2 scrolls of amnesia {unknown}
 e - 15 scrolls of identify
 g - a scroll of random uselessness {unknown}
 i - 3 scrolls of teleportation {unknown}
 m - 3 scrolls of fear {unknown}
 n - 5 scrolls of remove curse {unknown}
 o - a scroll of fog {unknown}
 p - 2 scrolls of enchant armour {unknown}
 u - a scroll of summoning {unknown}
 w - a scroll of immolation {unknown}
 x - 3 scrolls of acquirement {unknown}
 y - 3 scrolls of enchant weapon {unknown}
 C - 4 scrolls of blinking {unknown}
Miscellaneous
 q - a phial of floods (inert)
Comestibles
 f - 14 rations


   Skills:
 * Level 7.9 Fighting
 + Level 8.7 Axes
 + Level 5.1 Slings
 + Level 0.1(3.1) Throwing
 * Level 9.5 Armour
 + Level 3.4 Dodging
 + Level 0.1 Stealth
 * Level 10.2 Shields
 * Level 3.3 Spellcasting
 * Level 2.0 Hexes
 * Level 6.5 Invocations
 * Level 1.6 Evocations


You had 15 spell levels left.
You knew the following spells:

 Your Spells              Type           Power        Failure   Level  Hunger
a - Corona                Hex            #......      98%         1    #......

Your spell library contained the following spells:

 Spells                   Type           Power        Failure   Level  Hunger
 Confusing Touch          Hex            #.....       98%         1    #......
 Apportation              Tloc           #.....       100%        1    #......
 Summon Butterflies       Summ           #.......     100%        1    #......
 Ensorcelled Hibernation  Hex/Ice        #.....       100%        2    ###....
 Confuse                  Hex            #.......     100%        3    ###....
 Dazzling Flash           Conj/Hex       #.....       100%        3    ###....
 Gell's Gravitas          Tloc           #.........   100%        3    ###....
 Lesser Beckoning         Tloc           #.........   100%        3    ###....
 Tukima's Dance           Hex            #.......     100%        3    ###....
 Petrify                  Tmut/Erth      #.......     100%        4    #####..
 Alistair's Intoxication  Tmut/Pois      #.......     100%        5    ######.
 Metabolic Englaciation   Hex/Ice        #.........   100%        5    ######.
 Yara's Violent Unravell  Hex/Tmut       #.........   100%        5    ######.
 Invisibility             Hex            #.......     100%        6    #######


Dungeon Overview and Level Annotations

Branches:
Dungeon (9/15)             Temple (1/1) D:7          Bailey (visited)
   Lair: D:8-11         Orc: D:9-12

Altars:
Ashenzari
Cheibriados
Dithmenos
Elyvilon
Fedhas
Gozag
Hepliaklqana
Kikubaaqudgha
Makhleb
Nemelex Xobeh
Okawaru
Qazlal
Ru
Sif Muna
Trog
Uskayaw
Vehumet
Wu Jian
Xom
Yredelemnul
The Shining One
Beogh

Shops:
D:5 [   D:6 (

Annotations:
D:9 Gastronok


Message History

You hit the death yak.
The death yak is heavily wounded.
The death yak snorts and paws the ground.
You block the death yak's attack.
You hit the death yak but do no damage.
The death yak is heavily wounded.
The death yak gores you!
* * * LOW HITPOINT WARNING * * *
You feel like a meek peon again.
The death yak snorts and paws the ground.
You hit the death yak.
The death yak is heavily wounded.
You block the death yak's attack.
You slash the death yak!
The death yak is heavily wounded.
You block the death yak's attack.
You slash the death yak!
The death yak is severely wounded.
The death yak gores you!!
You die...

############# ######.......#...
............#####............#...
............#...#............####
............#...'......[.........
............'...#................
............#+###................
###########......................
.#........#......................
.#........#.....@########'###....
.#........#.....Y#...#......#.)..
.#........'......#...#......#))..
.#........#......#...#......#))##
.#........#......#...'......#.)#.
##...###..#......#...##.....#....
.#######..##.....######.....#..#.
.#.........#.....#....#.....####.
.#.........#.....#....#......#.##


You could see a death yak.

Vanquished Creatures
  2 orc knights (Bailey)
  A troll (D:8)
  A jumping spider (Bailey)
  Grinder (D:3)
  2 hippogriffs
  A vampire (D:8)
  Grum (D:8)
  A water moccasin (D:8)
  4 orc warriors
  4 wolves
  8 ogres
  3 centaurs
  4 bullfrogs
  A water moccasin zombie (D:6)
  2 scorpions
  3 wights (D:6)
  2 howler monkeys (D:4)
  A crimson imp (D:6)
  2 bullfrog zombies
  2 centaur zombies
  A centaur skeleton (D:7)
  4 hounds
  A jelly (D:6)
  6 orc priests
  11 orc wizards
  2 worker ants
  A hound skeleton (D:4)
  A worker ant zombie (D:7)
  Robin (D:2)
  6 gnolls
  6 adders
  2 oozes (D:1)
  2 worms
  3 dart slugs
  7 leopard geckos
  62 orcs
  A ball python (D:2)
  7 giant cockroaches
  19 goblins
  13 hobgoblins
  9 jackals
  15 kobolds
  A ball python skeleton (D:4)
  9 bats
  7 frilled lizards
  A jackal skeleton (D:4)
  A leopard gecko zombie (D:7)
  5 rats
250 creatures vanquished.

Notes
Turn   | Place    | Note
-------+----------+-------------------------------------------
     0 | D:1      | Error4North the Hill Orc Fighter began the quest for the
                  | Orb.
     0 | D:1      | Reached XP level 1. HP: 19/19 MP: 1/1
   118 | D:1      | Reached XP level 2. HP: 4/27 MP: 2/2
   613 | D:1      | Reached XP level 3. HP: 23/33 MP: 3/3
  1032 | D:2      | Noticed Robin
  1049 | D:2      | Reached XP level 4. HP: 19/40 MP: 4/4
  1056 | D:2      | Killed Robin
  1056 | D:2      | Reached skill level 4 in Shields
  1281 | D:2      | Found a snail-covered altar of Cheibriados.
  1328 | D:2      | Found a shimmering altar of Xom.
  1734 | D:3      | Found a hazy altar of Hepliaklqana.
  1741 | D:3      | Reached XP level 5. HP: 46/46 MP: 4/6
  1837 | D:3      | Found a radiant altar of Vehumet.
  1837 | D:3      | Noticed Grinder
  2031 | D:3      | Found a sacrificial altar of Ru.
  2083 | D:3      | Paralysed by Grinder for 7 turns
  2090 | D:3      | Killed Grinder
  2090 | D:3      | Reached skill level 1 in Slings
  2090 | D:3      | Reached skill level 1 in Spellcasting
  2090 | D:3      | Reached XP level 6. HP: 20/55 MP: 6/8
  2824 | D:3      | Reached XP level 7. HP: 49/60 MP: 9/9
  2825 | D:3      | Reached skill level 5 in Fighting
  2825 | D:3      | Reached skill level 5 in Armour
  2825 | D:3      | Reached skill level 5 in Shields
  3048 | D:4      | Found a glowing golden altar of the Shining One.
  3449 | D:4      | Reached skill level 5 in Axes
  3455 | D:4      | Reached skill level 6 in Shields
  3455 | D:4      | Reached XP level 8. HP: 24/69 MP: 10/10
  4427 | D:5      | Entered Level 5 of the Dungeon
  4539 | D:5      | Found an iron altar of Okawaru.
  4546 | D:5      | Became a worshipper of Warmaster Okawaru
  4622 | D:5      | Found a shattered altar of Ashenzari.
  4626 | D:5      | Found a shimmering blue altar of Sif Muna.
  4864 | D:5      | Found Nomm's Antique Armour Shoppe.
  5719 | D:6      | Reached skill level 1 in Invocations
  5877 | D:6      | Reached XP level 9. HP: 25/78 MP: 12/12
  6171 | D:6      | Reached skill level 7 in Shields
  6298 | D:6      | Reached * piety under Okawaru
  6331 | D:6      | Found a white marble altar of Elyvilon.
  6373 | D:6      | Found Fovuif's Antique Weapon Emporium.
  7222 | D:7      | Found a flagged portal.
  7231 | Bailey   | Entered a bailey
  7394 | Bailey   | Noticed an orc knight
  7398 | Bailey   | Noticed an orc knight
  7539 | Bailey   | Reached skill level 10 in Shields
  7539 | Bailey   | Reached XP level 10. HP: 86/86 MP: 11/14
  7568 | Bailey   | Noticed an orc knight
  7945 | Bailey   | an orc knight changed into a jumping spider
  8275 | Bailey   | Killed an orc knight
  8632 | Bailey   | Killed an orc knight
  8632 | Bailey   | Reached skill level 5 in Slings
  9067 | D:7      | Reached skill level 1 in Evocations
  9072 | D:7      | Learned a level 1 spell: Corona
  9358 | D:7      | Found a staircase to the Ecumenical Temple.
  9363 | D:7      | Reached ** piety under Okawaru
  9408 | Temple   | Entered the Ecumenical Temple
 10018 | D:7      | Found a shadowy altar of Dithmenos.
 10234 | D:8      | Reached XP level 11. HP: 58/92 MP: 13/15
 10321 | D:8      | Noticed Grum
 10335 | D:8      | Reached skill level 1 in Hexes
 10732 | D:8      | Killed Grum
 11038 | D:8      | Found a roughly hewn altar of Beogh.
 11165 | D:8      | Found a basalt altar of Yredelemnul.
 11446 | D:9      | Noticed Gastronok
 11453 | D:9      | Noticed a two-headed ogre
 11692 | D:9      | Noticed a death yak
 11693 | D:9      | Noticed a death yak
 11696 | D:9      | Noticed a death yak
 11699 | D:9      | Noticed a death yak
 11700 | D:9      | Noticed a death yak
 11701 | D:9      | Noticed a death yak
 11701 | D:9      | Noticed a death yak
 11755 | D:8      | HP: 3/94 [death yak (8)]
 11773 | D:8      | Mangled by a death yak

Levels and vault maps discovered:
D:1:      ncdulo_smallfort, layout_loops_ring, hangedman_feature_mirror,
          minmay_quantized
D:2:      layout_rooms, lemuel_round_altar, cheibriados_altar_1, uniq_robin
D:3:      layout_rooms, nicolae_ru_the_path_less_chosen, fiery_altar_vehumet,
          lemuel_round_altar, first_ration, corexii_corridor_pit, uniq_grinder
D:4:      layout_rooms, tso_metal_star
D:5:      layout_loops_corners, okawaru_trees_1, grunt_temple_overflow_open,
          serial_shops, nicolae_shop_stone
D:6:      layout_loops_corners, nicolae_overflow_crystal_walls, serial_shops,
          shop
D:7:      layout_loops_ring, lemuel_coloured_pillars_altar,
          minmay_temple_entry_mini_moons, enter_bailey_2
D:8:      minmay_angry_zag, layout_gridville, lemuel_doored_altar, special_room
          [special_room_orc], uniq_grum
D:9:      layout_irregular_city, kennysheep_mini, dpeg_lair_monsters,
          grunt_livestock, minmay_chambers_of_fives, uniq_gastronok
Temple:   compressed_dpeg_triangle_lava_temple

Skill      XL: |  1  2  3  4  5  6  7  8  9 10 11 |
---------------+----------------------------------+-----
Armour         | 4 5 6 9 |  9.5
Fighting       | 4 5 6 7 |  7.9
Axes           | 3 4 5 6 7 8 |  8.7
Shields        | 4 6 10 | 10.2
Slings         | 1 2 4 5 |  5.1
Spellcasting   | 1 2 3 |  3.3
Invocations    | 1 6 |  6.5
Dodging        | 3 |  3.4
Evocations     | 1 |  1.6
Hexes          | 2 |  2.0
Throwing       | |  0.1
Stealth        | |  0.1

Action                   |  1- 3 |  4- 6 |  7- 9 | 10-12 || total
-------------------------+-------+-------+-------+-------++-------
Melee: War axe           |   118 |   112 |   324 |   362 ||   916
 Fire: Hunting sling     |       |    40 |    64 |   129 ||   233
Throw: Stone             |       |       |     2 |     1 ||     3
Invok: Heroism           |       |       |     1 |     7 ||     8
 Abil: Stop Flying       |       |       |     2 |     7 ||     9
       Evoke Flight      |       |       |     2 |     7 ||     9
Evoke: Wand              |       |       |       |     3 ||     3
       Phial of floods   |       |       |       |     1 ||     1
  Use: Potion            |     2 |     1 |     5 |     8 ||    16
       Scroll            |       |       |     1 |       ||     1
  Eat: Chunk             |     1 |     3 |     9 |    14 ||    27
       Ration            |       |     1 |     3 |     1 ||     5
Armor: Scale mail        |    28 |       |       |       ||    28
       Plate armour      |   105 |    69 |   200 |   176 ||   550
       Skin              |       |       |     6 |     9 ||    15
Dodge: Dodged            |    32 |    22 |   100 |   128 ||   282
Block: Shield            |   106 |    73 |   237 |   253 ||   669

Table legend:
 A = Non-vault XP
 B = Vault XP
 C = Vault XP percentage of total XP
 D = Non-vault monster count
 E = Vault monster count
 F = Vault count percentage of total count
                 A         B        C        D         E       F
            +---------+---------+-------+---------+---------+-------
      Total |    5157 |    3412 |  39.8 |     179 |      71 |  28.4
            +---------+---------+-------+---------+---------+-------
        D:1 |      41 |       9 |  18.0 |      19 |       6 |  24.0
        D:2 |      73 |      36 |  33.0 |      22 |      13 |  37.1
        D:3 |     320 |     277 |  46.4 |      26 |       1 |   3.7
        D:4 |     734 |       0 |   0.0 |      27 |       0 |   0.0
        D:5 |     404 |       0 |   0.0 |      13 |       0 |   0.0
        D:6 |     967 |       0 |   0.0 |      30 |       0 |   0.0
        D:7 |    1179 |     229 |  16.3 |      27 |       2 |   6.9
        D:8 |     908 |    1286 |  58.6 |       9 |      22 |  71.0
        D:9 |     531 |       0 |   0.0 |       6 |       0 |   0.0
     Bailey |       0 |    1575 | 100.0 |       0 |      27 | 100.0
            +---------+---------+-------+---------+---------+-------
